 Dungeon Crawl Stone Soup version 0.17.1-3-g152610e (webtiles) character file.

572 warlockg3 the Shield-Bearer (level 7, -17/44 HPs)
             Began as a Gargoyle Fighter on Apr 26, 2016.
             Was a Follower of Cheibriados.
             Killed from afar by an ogre (30 damage)
             ... with an exploding inner flame
             ... hexed by the player character
             ... on level 4 of the Dungeon.
             The game lasted 00:10:49 (2699 turns).

warlockg3 the Shield-Bearer (Gargoyle Fighter)      Turns: 2699, Time: 00:10:49

Health: -17/44     AC: 16    Str: 23      XL:     7   Next: 34%
Magic:  7/7        EV: 15    Int:  7 (11) God:    Cheibriados [*.....]
Gold:   146        SH: 11    Dex: 21      Spells: 0 memorised, 6 levels left

rFire  . . .     SeeInvis .     a - +0 war axe
rCold  . . .     Clarity  .     b - +0 scale mail
rNeg   + . .     SustAt   .     c - +0 shield
rPois  ∞         Gourm    .     (no helmet)
rElec  +         Spirit   .     g - +2 cloak
rCorr  .         Warding  .     (no gloves)
rMut   .         Stasis   .     i - +0 pair of boots
MR     .....                    k - amulet of faith
Stlth  +.........               (no ring)
                                m - +5 ring of dexterity

@: agile, very slightly contaminated, hasted, quick, not resistant to hostile
enchantments, very unstealthy
A: negative energy resistance 1, electricity resistance, unbreathing,
petrification resistance, rot immunity, AC +4
a: Bend Time, Renounce Religion


You were on level 4 of the Dungeon.
You worshipped Cheibriados.
Cheibriados was aware of your devotion.
You were not hungry.

You visited 1 branch of the dungeon, and saw 4 of its levels.

You collected 146 gold pieces.

Inventory:

Hand Weapons
 a - a +0 war axe (weapon)
 h - a +0 dire flail
 l - a +0 flail
Armour
 b - a +0 scale mail (worn)
 c - a +0 shield (worn)
 g - a +2 cloak (worn)
 i - a +0 pair of boots (worn)
Jewellery
 k - an amulet of faith (around neck)
 m - a +5 ring of dexterity (left hand)
Wands
 d - a wand of polymorph (0)
Scrolls
 f - 2 scrolls of immolation
 j - a scroll of fog {unknown}
 n - a scroll of enchant weapon {unknown}
 o - a scroll of recharging {unknown}
 s - 4 scrolls of remove curse {unknown}
Potions
 v - a potion of resistance
Comestibles
 e - 5 bread rations
 q - a beef jerky
 w - 3 fruits


   Skills:
 + Level 5.1 Fighting
 + Level 3.1 Axes
 + Level 4.5 Armour
 + Level 2.7 Dodging
 + Level 5.3 Shields


You had 6 spell levels left.
You didn't know any spells.

Dungeon Overview and Level Annotations

Branches:
Dungeon (4/15)
 Temple: D:4-7

Altars:
Cheibriados

Shops:
D:4 =


Innate Abilities, Weirdness & Mutations

You are resistant to torment.
Your stone body is resilient (AC +4).
You are immune to poison.
You resist negative energy.
You are resistant to electric shocks.
You can survive without breathing.
You are immune to petrification.
You are immune to rotting.


Message History

It was a potion of poison.
You feel slightly nauseous.
Drink which item? (? for menu, Esc to quit)
It was a potion of agility.
You feel agile all of a sudden. You block the ogre's attack.
You completely miss the ogre.
The ogre is severely wounded.
You hit the ogre but do no damage.
The ogre is severely wounded.
The ogre closely misses you.
You hit the ogre.
The ogre is almost dead.
You block the ogre's attack.
You barely miss the ogre.
The ogre is almost dead.
You hit the ogre.
The ogre explodes!
The fiery explosion engulfs you!
Ouch! That really hurt!
You die...

#.............##
#..............#
#....^.........#
#..............##
####........##..#
######...##..#
######..## #####.
..%.......#
......
.........@#
#####.
....#####§§§.....
... #§§§..... ..
#..#..... .
#..#..... #..#
.... #..# ...
#..# ...


There were no monsters in sight!

Vanquished Creatures
  Edmund (D:4)
  The ghost of dobroeutro the Shield-Bearer, an amateur GrFi (D:3)
  A scorpion (D:4)
  A giant frog skeleton (D:4)
  A hound (D:3)
  Ijyb (D:3)
  Natasha (thrice) (D:3)
  A worker ant (D:4)
  7 adders
  3 gnolls (D:2)
  An ooze (D:2)
  A worm (D:3)
  A giant gecko (D:1)
  3 ball pythons
  5 bats
  A giant cockroach (D:1)
  4 goblins
  4 hobgoblins
  11 jackals (D:1)
  A quokka (D:3)
  2 giant newts
  7 kobolds
  8 rats
69 creatures vanquished.

Notes
Turn   | Place    | Note
--------------------------------------------------------------
     0 | D:1      | warlockg3 the Gargoyle Fighter began the quest for the Orb.
     0 | D:1      | Reached XP level 1. HP: 14/14 MP: 1/1
   120 | D:1      | Reached XP level 2. HP: 19/19 MP: 2/2
   575 | D:1      | Reached XP level 3. HP: 24/24 MP: 3/3
   875 | D:2      | Reached skill level 4 in Fighting
   881 | D:2      | Reached XP level 4. HP: 29/29 MP: 4/4
  1139 | D:2      | Found a snail-covered altar of Cheibriados.
  1258 | D:2      | Became a worshipper of Cheibriados the Contemplative
  1295 | D:3      | Noticed Natasha
  1308 | D:3      | Killed Natasha
  1308 | D:3      | Reached skill level 1 in Dodging
  1308 | D:3      | Reached XP level 5. HP: 31/34 MP: 5/5
  1339 | D:3      | Noticed dobroeutro's ghost (amateur GrFi)
  1353 | D:3      | Killed dobroeutro's ghost
  1353 | D:3      | Reached XP level 6. HP: 10/39 MP: 6/6
  1632 | D:3      | Noticed Ijyb
  1654 | D:3      | Killed Ijyb
  1887 | D:3      | Reached * piety under Cheibriados
  1931 | D:3      | Noticed Natasha
  1940 | D:3      | Killed Natasha
  2118 | D:3      | Noticed Natasha
  2214 | D:3      | Killed Natasha
  2363 | D:4      | Noticed Edmund
  2385 | D:4      | Killed Edmund
  2385 | D:4      | Reached skill level 5 in Fighting
  2385 | D:4      | Reached skill level 5 in Shields
  2385 | D:4      | Reached XP level 7. HP: 42/44 MP: 7/7
  2581 | D:4      | Found Qobb's Jewellery Shoppe.
  2699 | D:4      | Killed from afar by an ogre

Action                   |  1- 3 |  4- 6 |  7- 9 || total
-------------------------+-------+-------+-------++-------
Melee: War axe           |    76 |   172 |    35 ||   283
       Unarmed           |       |     4 |       ||     4
  Use: Potion            |       |     4 |     4 ||     8
       Scroll            |       |       |     1 ||     1
  Eat: Bread ration      |       |     1 |     1 ||     2
